 Dungeon Crawl Stone Soup version 0.28.0-43-g3370ac3207 (webtiles) character file.

Game seed: 4486846172955708831

354 zeram the Skirmisher (level 6, -10/56 HPs)
             Began as a Hill Orc Fighter on Mar 1, 2022.
             Engulfed by a steam dragon's steam (14 damage)
             ... on level 4 of the Dungeon.
             The game lasted 00:05:12 (3207 turns).

zeram the Skirmisher (Hill Orc Fighter)             Turns: 3207, Time: 00:05:13

Health: -10/56     AC: 10    Str: 21      XL:     6   Next: 62%
Magic:  6/6        EV:  9    Int:  8      God:
Gold:   122        SH:  9    Dex:  8 (10) Spells: 5/5 levels left

rFire   . . .      SeeInvis .   d - +4 spear (flame)
rCold   . . .      Faith    .   c - +0 buckler
rNeg    . . .      Spirit   .   b - +0 scale mail
rPois   .          Reflect  +   i - +2 hat
rElec   .          Harm     .   e - +0 cloak
rCorr   .          Rampage  .   (no gloves)
Will    .....                   (no boots)
Stlth   ..........              h - amulet of reflection
HPRegen 0.18/turn               (no ring)
MPRegen 0.10/turn               (no ring)

@: no status effects
A: no striking features
a: no special abilities


You were on level 4 of the Dungeon.
You visited 1 branch of the dungeon, and saw 4 of its levels.

You collected 122 gold pieces.

Inventory:

Hand Weapons
 a - a +0 war axe
 d - a +4 spear of flaming (weapon)
Missiles
 k - 21 stones (quivered)
Armour
 b - a +0 scale mail (worn)
 c - a +0 buckler (worn)
 e - a +0 cloak (worn)
 i - a +2 hat (worn)
Jewellery
 f - a ring of ice
 h - an amulet of reflection (around neck)
Scrolls
 g - a scroll of magic mapping
Potions
 j - a potion of haste {unknown}
 m - a potion of degeneration


   Skills:
 + Level 5.0 Fighting
 + Level 4.8(5.2) Axes
 + Level 2.3(3.5) Polearms
 + Level 4.4 Armour
 + Level 1.0 Dodging
 + Level 4.4 Shields


You had 5 spell levels left.
You didn't know any spells.
Your spell library contained the following spells:

 Spells                   Type           Power      Damage    Failure   Level
 Olgreb's Toxic Radiance  Pois           0%         N/A       100%        4
 Ozocubu's Refrigeration  Ice            0%         4d5       100%        7
 Ignition                 Fire           0%         3d3       100%        8


Dungeon Overview and Level Annotations

Branches:
Dungeon (4/15)
 Temple: D:4-7

Altars:


Message History

The steam dragon is heavily wounded.
You are engulfed in a cloud of scalding steam.
The steam dragon bites you! The steam dragon completely misses you.
You hit the steam dragon. You burn the steam dragon.
The steam dragon is severely wounded.
You are engulfed in a cloud of scalding steam.
The steam dragon bites you.
The steam dragon claws you but does no damage.
You barely miss the steam dragon.
The steam dragon is severely wounded.
You block the steam dragon's attack. x2
Unknown command.
You hit the steam dragon. You burn the steam dragon.
The steam dragon is almost dead.
The steam dragon breathes steam at you. The ball of steam hits you.
You barely miss the steam dragon.
The steam dragon is almost dead.
You are engulfed in a cloud of scalding steam.
You block the steam dragon's attack.
The steam dragon claws you but does no damage.
Unknown command.
You closely miss the steam dragon.
The steam dragon is almost dead.
You are engulfed in a cloud of scalding steam.
You block the steam dragon's attack. The steam dragon completely misses you.
You hit the steam dragon but do no damage.
The steam dragon is almost dead.
You are engulfed in a cloud of scalding steam.
The steam dragon barely misses you.
The steam dragon claws you but does no damage.
You hit the steam dragon but do no damage.
The steam dragon is almost dead.
The steam dragon breathes steam at you. The ball of steam hits you!
* * * LOW HITPOINT WARNING * * *
You hit the steam dragon but do no damage.
The steam dragon is almost dead.
You are engulfed in a cloud of scalding steam.
You die...

# ####### .. ##.....#
..> ##....... ....
#........ .....
#........
......##########........
......D@§§.§..........†.
......#########.........
.......#........#..)....
^... ..........###......
... ..........#######..
.. ................... .
.........)#........
#........######...
##.......# #...


You could see a steam dragon (catching breath).

Vanquished Creatures
  2 scorpions (D:3)
  Crazy Yiuf (D:2)
  A hound (D:4)
  8 gnolls
  2 adders (D:2)
  2 worms (D:2)
  A dart slug (D:2)
  3 orcs
  10 endoplasms
  4 giant cockroaches
  3 goblins
  7 hobgoblins
  7 jackals
  6 kobolds
  3 quokkas
  6 ball pythons
  4 bats
  2 frilled lizards
  4 rats
76 creatures vanquished.

Notes
Turn   | Place    | Note
-------+----------+-------------------------------------------
     0 | D:1      | zeram the Hill Orc Fighter began the quest for the Orb.
     0 | D:1      | Reached XP level 1. HP: 19/19 MP: 1/1
   348 | D:1      | Reached XP level 2. HP: 26/27 MP: 2/2
   558 | D:1      | Reached skill level 4 in Fighting
   972 | D:2      | Reached XP level 3. HP: 33/33 MP: 3/3
  1237 | D:2      | Reached XP level 4. HP: 29/40 MP: 4/4
  1343 | D:2      | Found a faded altar of an unknown god.
  1373 | D:2      | Found a runed translucent door.
  1374 | D:2      | Noticed Crazy Yiuf
  1714 | D:2      | Killed Crazy Yiuf
  1715 | D:2      | Reached XP level 5. HP: 35/47 MP: 5/5
  2069 | D:3      | Reached skill level 1 in Polearms
  2232 | D:3      | Reached skill level 1 in Dodging
  2232 | D:3      | Reached XP level 6. HP: 36/55 MP: 6/6
  2787 | D:4      | Reached skill level 5 in Fighting
  3189 | D:4      | Noticed a steam dragon
  3207 | D:4      | Engulfed by a steam dragon's steam

Illustrated notes

Levels and vault maps discovered:
D:1:      minmay_arrival_jagged, layout_basic, minmay_misc_feat_doors,
          palyth_stone_intersect
D:2:      layout_rooms, basic_ecumenical_altar, grunt_ministairs_10,
          uniq_crazy_yiuf_cottage
D:3:      layout_loops_ring
D:4:      layout_rooms, minmay_misc_feat_room

Skill      XL: |  1  2  3  4  5  6 |
---------------+-------------------+-----
Axes           | 3 4 |  4.8
Fighting       | 4 5 |  5.0
Armour         | 4 |  4.4
Shields        | 4 |  4.4
Polearms       | 1 2 |  2.3
Dodging        | 1 |  1.0

Action                   |  1- 3 |  4- 6 || total
-------------------------+-------+-------++-------
Melee: War axe           |    96 |     7 ||   103
       Spear             |       |   124 ||   124
  Use: Potion            |     1 |     3 ||     4
       Scroll            |       |     8 ||     8
Armor: Scale mail        |    63 |    46 ||   109
Dodge: Dodged            |    44 |    52 ||    96
Block: Buckler           |    42 |    57 ||    99
